AoeStats
← | ArCas | Toruk Makto

Nomad

505113992Analyzed
4v4 RM · 25d ago on Sep 7, 2026· 22m 54s· 8 players
Game mode
Random Map
Map size
231×231
Population
200
Speed
Normal
Resources
Standard
Victory
Conquest
Starting age
Dark Age
Ending age
Imperial Age
RankedLock teamsTeams togetherTeam positionsShared explorationLock speedFull tech treeHidden civsTurbo modeCheats
Victory
Defeat
🇦🇷 Khmer · Argentina
1310
+15
🇹🇷 Persians · Türkiye
1306
+16
🇩🇪 Inca · Germany
1248
+18
🇬🇧 Mongols · United Kingdom
1239
+18
🇨🇳 Koreans · China
1322
-18
🇺🇸 Spanish · United States
1297
-17
🇺🇸 Byzantines · United States
1278
-16
🇧🇷 Chinese · Brazil
1278
-16
Peppyzizzle25
4:13 Loom
14:29 Feudal Age
15:13 Double-Bit Axe
20:23 Castle Age
19:25 Gold Mining
19:25 Stone Mining
19:18 Horse Collar
21:36 Medium Warships
23:24 Wheelbarrow
cortes.av
3:14 Loom
13:49 Feudal Age
17:53 Castle Age
15:54 Double-Bit Axe
17:14 Scale Mail Armor
17:25 Forging
18:42 Squires
18:58 Bow Saw
19:12 Chain Mail Armor
Soaking Dill
13:15 Feudal Age
11:37 Loom
19:31 Castle Age
18:52 Double-Bit Axe
20:04 Padded Archer Armor
21:34 Leather Archer Armor
仙逆许木
4:50 Loom
zLIFE
4:25 Loom
15:52 Feudal Age
17:40 Double-Bit Axe
21:12 Castle Age
19:09 Fishing Lines
19:29 Gold Mining
19:50 Fletching
20:12 Forging
22:06 Medium Warships
21:53 Town Watch
| ArCas | Toruk Makto
13:23 Feudal Age
16:17 Castle Age
14:28 Loom
15:22 Forging
15:24 Scale Barding Armor
16:02 Bloodlines
21:20 Husbandry
21:35 Light Cavalry
RedJenga7
5:07 Loom
5:29 Loom
16:19 Feudal Age
21:28 Castle Age
battal hoplatan
6:21 Loom
15:37 Feudal Age
22:56 Castle Age
22:07 Double-Bit Axe
22:39 Horse Collar
Connection lost

Rejoining the realm…

Still unreachable

The connection could not be restored.

Session expired

The server has moved on; the page needs a fresh start.